 Dungeon Crawl Stone Soup version 0.17-a0-1778-gd369669 (webtiles) character file.

13 LordBones the Ruffian (level 2, -2/25 (26) HPs)
             Began as a Ghoul Monk on Sept 8, 2015.
             Slain by an ooze (4 damage)
             ... on level 1 of the Dungeon.
             The game lasted 00:02:43 (431 turns).

LordBones the Ruffian (Ghoul Monk)                   Turns: 431, Time: 00:02:43

HP:   -2/25 (26)    AC:  2    Str: 14      XL:     2   Next: 37%
MP:   1/1           EV: 12    Int:  7 (10) God:
Gold: 30            SH:  0    Dex: 11      Spells: 0 memorised, 1 level left

rFire  . . .     SeeInvis .       - Unarmed
rCold  + . .     Clarity  .     a - +0 robe
rNeg   + + +     SustAt   .     (no shield)
rPois  ∞         Gourm    .     (no helmet)
rElec  .         Spirit   .     (no cloak)
rCorr  .         Warding  .     (no gloves)
rMut   .         Stasis   .     (no boots)
MR     .....                    (no amulet)
Stlth  ++........               (no ring)
                                e - +5 ring of intelligence

@: rotting, not resistant to hostile enchantments, unstealthy
A: rotting body, claws 1, carnivore 3, cold resistance 1, negative energy
resistance 3, slow healing 1, torment resistance, unbreathing
a: no special abilities


You were on level 1 of the Dungeon.
You were not hungry.

You visited 1 branch of the dungeon, and saw 1 of its levels.

You collected 30 gold pieces.

Inventory:

Armour
 a - a +0 robe (worn)
Jewellery
 d - an uncursed ring of sustain attributes {unknown}
 e - a +5 ring of intelligence (left claw)
Scrolls
 f - a scroll of remove curse
 g - a scroll of teleportation
Comestibles
 b - a meat ration


   Skills:
 + Level 3.4 Fighting
 + Level 2.9 Dodging
 + Level 2.2 Stealth
 + Level 4.6 Unarmed Combat


You had one spell level left.
You didn't know any spells.

Dungeon Overview and Level Annotations

Branches:
Dungeon (1/15)

Altars:


Innate Abilities, Weirdness & Mutations

Your body is rotting away.
You thrive on raw meat.
You are immune to poison.
You have sharp fingernails.
You are carnivorous and can eat meat at any time.
Your flesh is cold resistant.
You are immune to negative energy.
You heal slowly when monsters are visible.
You are immune to unholy pain and torment.
You can survive without breathing.


Message History

* * * LOW HITPOINT WARNING * * *
The ooze closely misses you.
You claw the goblin!
You kill the goblin!
The ooze misses you. The ooze hits you.
* * * LOW HITPOINT WARNING * * *
You see here a golden potion.
The ooze closely misses you.
You scratch the ooze but do no damage. The ooze barely misses you.
You barely miss the ooze.
A giant cockroach comes into view.
You scratch the ooze but do no damage. The ooze barely misses you.
You claw the ooze!
The ooze is severely wounded.
The ooze closely misses you.
You scratch the ooze but do no damage.
The ooze is severely wounded.
The ooze hits you.
You die...

#.##.......................
#.##..####.###.###.####....
#.##..####....># #.# ##.##
#..............# #.# #.#
...####..#..###......# #.#
#.# #......###.##.#.###.#
#.# #.# ...####..#.....#.#
#.# #.# #.#
##...###.#.###.###.# #.#
##.#####!@....##..## #.#
#.......Js$.......# #.#
#.########..###.#.####.#
#.# #.........†...# #####
#.# #.####.#.###### #...#
#.# #.# #.#.# #..[# #.# #.#
#.#.# #...#####g# #.# ....#
>......##.# ... ...##


You could see an ooze and a giant cockroach.

Vanquished Creatures
  A giant cockroach (D:1)
  2 goblins (D:1)
  5 hobgoblins (D:1)
  A giant newt (D:1)
  2 rats (D:1)
11 creatures vanquished.

Notes
Turn   | Place    | Note
--------------------------------------------------------------
     0 | D:1      | LordBones the Ghoul Monk began the quest for the Orb.
     0 | D:1      | Reached XP level 1. HP: 19/19 MP: 0/0
     0 | D:1      | Noticed an iron dragon
     0 | D:1      | Noticed a purple draconian
     9 | D:1      | Noticed an orb of fire
    10 | D:1      | Noticed a shadow dragon
    11 | D:1      | Noticed a tentacled monstrosity
    13 | D:1      | Noticed an iron dragon
    14 | D:1      | Noticed a purple draconian
    18 | D:1      | Noticed a tentacled monstrosity
    19 | D:1      | Noticed a tentacled monstrosity
    21 | D:1      | Noticed a white draconian
    21 | D:1      | Noticed a shadow dragon
    23 | D:1      | Noticed an orb of fire
    23 | D:1      | Noticed an orb of fire
    23 | D:1      | Noticed an ice dragon
    25 | D:1      | Noticed a shadow dragon
    25 | D:1      | Noticed a large abomination
   249 | D:1      | Reached XP level 2. HP: 9/26 MP: 1/1
   431 | D:1      | Slain by an ooze

Vault maps used:
D:1:      shiori_arrival_whats_in_store_for_you

Action                   || total
-------------------------++-------
Melee: Unarmed           ||    35
  Use: Scroll            ||     3
       Potion            ||     2
 Stab: Sleeping          ||     1
  Eat: Chunk             ||     1
